 Dungeon Crawl Stone Soup version 0.27-a0-828-g8289197e94 (webtiles) character file.

Game seed: 697076113241499530

133 polve the Changer (level 4, 0/35 HPs)
             Began as a Draconian Transmuter on Mar 30, 2021.
             Killed from afar by Ijyb (1 damage)
             ... with a puff of flame
             ... on level 4 of the Dungeon.
             The game lasted 00:02:17 (3865 turns).

polve the Changer (Draconian Transmuter)            Turns: 3865, Time: 00:02:17

Health: 0/35       AC:  9    Str: 13    XL:     4   Next: 93%
Magic:  6/7        EV: 12    Int: 14    God:
Gold:   137        SH:  0    Dex: 11    Spells: 6/7 levels left

rFire    . . .     SeeInvis .     - Unarmed
rCold    . . .     Faith    .   (no shield)
rNeg     . . .     Spirit   .   (armour unavailable)
rPois    .         Reflect  .   (helmet currently unavailable)
rElec    .         Harm     .   (no cloak)
rCorr    .         Rampage  .   (no gloves)
Will     .....                  (boots currently unavailable)
Stlth    +.........             (no amulet)
HPRegen  0.11/turn              i - +4 ring of protection
MPRegen  0.10/turn              (no ring)

@: appendages
A: horns 2, talons 2, AC +5, unfitting armour, cold-blooded
a: End Transformation


You were on level 4 of the Dungeon.
You had temporarily grown beastly horns and talons.
You visited 1 branch of the dungeon, and saw 4 of its levels.

You collected 137 gold pieces.

Inventory:

Jewellery
 i - a +4 ring of protection (left hand)
Scrolls
 a - a scroll of vulnerability {unknown}
 b - a scroll of blinking {unknown}
 c - a scroll of noise {unknown}
 e - a scroll of enchant armour {unknown}
 h - a scroll of fear {unknown}
 j - 3 scrolls of identify {unknown}
 m - a scroll of enchant weapon {unknown}
Potions
 d - 2 potions of haste {unknown}
 f - 3 potions of heal wounds {unknown}
 g - a potion of might {unknown}
 k - a potion of degeneration {unknown}
 n - a potion of resistance {unknown}


   Skills:
 - Level 1.1 Fighting
 - Level 1.7 Dodging
 - Level 3.0 Unarmed Combat
 - Level 2.0 Spellcasting
 + Level 5.2 Transmutations


You had 6 spell levels left.
You knew the following spells:

 Your Spells              Type           Power      Damage    Failure   Level
a - Beastly Appendage     Tmut           32%        N/A       2%          1

Your spell library contained the following spells:

 Spells                   Type           Power      Damage    Failure   Level
 Wereblood                Tmut           16%        N/A       4%          2
 Spider Form              Tmut/Pois      4%         N/A       24%         3
 Confusing Touch          Hex            1%         N/A       56%         3
 Gell's Gravitas          Tloc           0%         N/A       56%         3
 Hydra Form               Tmut           8%         N/A       61%         5
 Ice Form                 Ice/Tmut       8%         N/A       63%         4
 Petrify                  Tmut/Erth      8%         N/A       63%         4
 Yara's Violent Unravell  Hex/Tmut       4%         3d4       92%         5
 Metabolic Englaciation   Hex/Ice        0%         N/A       100%        5


Dungeon Overview and Level Annotations

Branches:
Dungeon (4/15)
 Temple: D:4-7

Altars:
Dithmenos
Yredelemnul
The Shining One

Annotations:
D:4 Ijyb


Innate Abilities, Weirdness & Mutations

You have temporarily grown beastly horns and talons.
Your plain brown scales are hard. (AC +5)
You cannot fit into any form of body armour.
You are cold-blooded and may be slowed by cold attacks.


Message History

Found a transparent leather armour.
Found a stone staircase leading down.
A ball python comes into view.
The ball python hisses angrily.
A ball python is nearby!
A ball python is nearby!
You hit the ball python.
You kill the ball python!
No target in view!
No target in view!
No target in view!
You see here a ball python corpse.
There is a stone staircase leading down here.
Found a stone staircase leading down.
Ijyb the Twisted Goblin comes into view.
She is wielding a +0 dagger and carrying a wand of flame (17).
Ijyb zaps a wand.
The puff of flame hits you.
Ijyb is nearby!
Casting: Beastly Appendage (safe; 2% risk of failure)
Confirm with . or Enter, or press ? or * to list all spells.
You grow a pair of large bovine horns.
Your feet morph into talons.
Ijyb zaps a wand.
The puff of flame hits you.
You barely miss Ijyb. Ijyb hits you with a +0 dagger!
You closely miss Ijyb. Your kick misses Ijyb.
Ijyb zaps a wand.
The puff of flame hits you!
You closely miss Ijyb. Your kick misses Ijyb. Ijyb closely misses you.
You closely miss Ijyb. Your kick misses Ijyb. Ijyb closely misses you.
You hit Ijyb but do no damage. You claw Ijyb.
You headbutt Ijyb, but do no damage.
Ijyb is lightly wounded.
Ijyb zaps a wand.
The puff of flame hits you but does no damage.
You closely miss Ijyb. You claw Ijyb, but do no damage.
Your tail-slap misses Ijyb.
Ijyb is lightly wounded.
Ijyb screams, "You nasty!
Big nasty!"
Ijyb zaps a wand.
The puff of flame hits you!
* * * LOW HITPOINT WARNING * * *
You hit Ijyb but do no damage.
Ijyb is lightly wounded.
Ijyb zaps a wand.
The puff of flame hits you.
You die...

##### ## #>.. .#
##########.### .######
#.†.....>....##.......
#.#####.##.#..@.$.....
#.#####.##.####g.###..
#.##....##.# ..#
#.##.##.##.. ..#
#.##.#..#### #.#
#...[.#.# .. ######.##
.## #.# .# #.#


You could see Ijyb.

Vanquished Creatures
  An iguana (D:3)
  A howler monkey zombie (D:3)
  An adder (D:2)
  An adder skeleton (D:4)
  A dart slug (D:3)
  An orc (D:3)
  8 endoplasms
  3 giant cockroaches
  9 goblins
  3 hobgoblins
  12 jackals
  3 quokkas
  7 ball pythons
  10 bats
  2 frilled lizards
  A jackal zombie (D:3)
  5 kobolds
  A quokka zombie (D:3)
  5 rats
75 creatures vanquished.

Notes
Turn   | Place    | Note
-------+----------+-------------------------------------------
     0 | D:1      | polve the Draconian Transmuter began the quest for the Orb.
     0 | D:1      | Reached XP level 1. HP: 16/16 MP: 3/3
   241 | D:1      | Reached XP level 2. HP: 18/23 MP: 3/5
   259 | D:1      | HP: 1/23 [quokka (2)]
   743 | D:1      | Reached skill level 3 in Transmutations
  1033 | D:1      | Reached XP level 3. HP: 3/27 MP: 4/6
  1996 | D:2      | Reached skill level 4 in Transmutations
  2577 | D:3      | Found a shadowy altar of Dithmenos.
  2673 | D:3      | Reached XP level 4. HP: 31/35 MP: 5/7
  2925 | D:3      | Found a basalt altar of Yredelemnul.
  3584 | D:4      | Found a glowing golden altar of the Shining One.
  3614 | D:3      | Reached skill level 5 in Transmutations
  3853 | D:4      | Noticed Ijyb
  3864 | D:4      | HP: 1/35 [Ijyb/puff of flame (13)]
  3865 | D:4      | Killed from afar by Ijyb

Illustrated notes

Levels and vault maps discovered:
D:1:      dpeg_chamrin_arrival_tetris, layout_basic
D:2:      layout_loops_ring
D:3:      layout_loops_ring, lemuel_crystal_altar,
          nicolae_yredelemnul_corpse_copse, chequers_serial_rivers_micro_b,
          minmay_liquid_box, minmay_box_of_dots
D:4:      layout_loops_cross, overflow_temple_1_default, chequers_garden,
          uniq_ijyb, uniq_blork_the_orc

Skill      XL: |  1  2  3  4 |
---------------+-------------+-----
Transmutations | 3 4 5 |  5.2
Fighting       | |  1.1
Dodging        | |  1.7
Unarmed Combat | |  3.0
Spellcasting   | |  2.0

Action                   |  1- 3 |  4- 6 || total
-------------------------+-------+-------++-------
Melee: Unarmed           |   142 |    52 ||   194
       Kick              |    22 |    11 ||    33
       Headbutt          |    11 |     8 ||    19
       Tailslap          |     7 |     8 ||    15
       Punch             |     1 |       ||     1
       Whip              |       |    19 ||    19
 Cast: Beastly Appendage |    23 |     9 ||    32
 Stab: Sleeping          |       |     1 ||     1
Armor: Skin              |    48 |    30 ||    78
Dodge: Dodged            |    97 |    49 ||   146

Table legend: (Time is in decaauts)
 A = Elapsed time spent in this place.
 B = Non-inter-level travel time spent in this place.
 C = Inter-level travel time spent in this place.
 D = Time resting spent in this place.
 E = Time spent auto-exploring this place.
 F = Levels seen in this place.
 G = Mean time per level.
                   A        B        C        D        E       F      G
               +--------+--------+--------+--------+--------+-----+--------+
         Total |   3860 |   3807 |     53 |      0 |   3336 |   4 |  965.0 |
       Dungeon |   3860 |   3807 |     53 |      0 |   3336 |   4 |  965.0 |
               +--------+--------+--------+--------+--------+-----+--------+

Top non-repeatable levels by time:
     D:1: 1654 daAuts
     D:3: 1234 daAuts
     D:2: 886 daAuts
     D:4: 84 daAuts
